[Event "71st RUS-ch Superfinal Women 2021"]
[Site "Ufa"]
[Date "2021.10.14"]
[Round "6.1"]
[White "Ovod, Evgenija"]
[Black "Galliamova, Alisa"]
[Result "1/2-1/2"]
[ECO "C55"]
[WhiteElo "2331"]
[BlackElo "2421"]
[Annotator "ChessBase"]
[PlyCount "100"]
[EventDate "2021.10.09"]
[EventType "tourn"]
[EventCountry "RUS"]
[SourceTitle "playchess.com"]
[Source "ChessBase"]
[SourceQuality "1"]
[TimeControl "40/5400+30:1800+30"]

1. e4 e5 2. Nf3 Nc6 3. Bc4 Nf6 4. d3 h6 5. O-O d6 6. c3 g6 7. d4 Qe7 8. Re1 Bg7 9. dxe5 Nxe5 10. Nxe5 Qxe5 11. Nd2 O-O 12. Nf3 Qc5 13. Qb3 c6 14. Be3 Qa5 15. Bf4 b5 16. Bf1 d5 17. exd5 Nxd5 18.
Be5 Qb6 19. c4 bxc4 20. Bxc4 Qxb3 21. Bxb3 Rd8 22. Rac1 Bb7 23. Bxg7 Kxg7 24. Ne5 Rac8 25. Nd3 Rc7 26. f3 Bc8 27. Re5 Be6 28. Nc5 Kf6 29. Nxe6 fxe6 30. Re4 g5 31. g3 Rd6 32. Kf2 Rb7 33. Rd1 Ke7 34. Ke2 a5 35. h4 Rb5 36. hxg5 hxg5 37. Rd2 Rb8 38. Ra4 Rb5 39. Re4 Nc7 40. Rxd6 Kxd6 41. f4 gxf4 42. Rxf4 Na6 43. Rd4+ Ke5 44. Rc4 Nc5 45. Bc2 Kd5 46. b3 a4 47. Rc3 Kd4 48. Rc4+ Kd5 49. Rc3 Kd4 50. Rc4+ Kd5 1/2-1/2

[Event "71st RUS-ch Superfinal Women 2021"]
[Site "Ufa"]
[Date "2021.10.14"]
[Round "6.2"]
[White "Bodnaruk, Anastasia"]
[Black "Voit, Daria"]
[Result "1/2-1/2"]
[ECO "B12"]
[WhiteElo "2415"]
[BlackElo "2357"]
[Annotator "ChessBase"]
[PlyCount "79"]
[EventDate "2021.10.09"]
[EventType "tourn"]
[EventCountry "RUS"]
[SourceTitle "playchess.com"]
[Source "ChessBase"]
[SourceQuality "1"]
[TimeControl "40/5400+30:1800+30"]

1. e4 c6 2. d4 d5 3. e5 Bf5 4. Nf3 e6 5. Be2 c5 6. Be3 Qb6 7. Nc3 Nc6 8.
Na4 Qa5+ 9. c3 c4 10. Nh4 Bg6 11. b4 Qd8 12. g3 b5 13. Nc5 Bxc5 14. bxc5 Nge7 15. O-O Rb8 16. Qd2 b4 17. cxb4 Rxb4 18. Nxg6 hxg6 19. Rab1 Qb8 20. Rxb4 Qxb4 21. Qxb4 Nxb4 22. Rb1 Nec6 23.
Bd1 O-O 24. Ba4 Rb8 25. a3 Na6 26. Rxb8+ Naxb8 27. f4 a6 28. Kf2 Na7 29. Bd2 Nbc6 30. Bc3 Nb5 31. Bxb5 axb5 32. g4 Kf8 33. h4 Ke8 34. Ke3 Kd7 35. Be1 Ke8 36. Bc3 Kd7 37. Be1 Ke8 38. Bc3 Kd7 39. Be1 Ke8 40. Bc3 1/2-1/2

[Event "71st RUS-ch Superfinal Women 2021"]
[Site "Ufa"]
[Date "2021.10.14"]
[Round "6.3"]
[White "Gunina, Valentina"]
[Black "Pogonina, Natalija"]
[Result "1/2-1/2"]
[ECO "D37"]
[WhiteElo "2462"]
[BlackElo "2467"]
[Annotator "ChessBase"]
[PlyCount "159"]
[EventDate "2021.10.09"]
[EventType "tourn"]
[EventCountry "RUS"]
[SourceTitle "playchess.com"]
[Source "ChessBase"]
[SourceQuality "1"]
[TimeControl "40/5400+30:1800+30"]

1. d4 Nf6 2. c4 e6 3. Nf3 d5 4. Nc3 Be7 5. Bf4 O-O 6. e3 Nbd7 7. c5 Nh5 8.
Bd3 Nxf4 9. exf4 b6 10. b4 a5 11. a3 c6 12. O-O Qc7 13. g3 Ba6 14. Bxa6 Rxa6 15. Qe2 Raa8 16. Na4 b5 17. Nb2 Rfb8 18. Nd3 Ra7 19. Rfe1 Bf6 20. Nde5 Nf8 21. Ra2 Ng6 22. h4 Bxe5 23. dxe5 Rba8 24. Rb2 axb4 25. axb4 Ne7 26. Nd4 Ra1 27. Rxa1 Rxa1+ 28. Kg2 Ra4 29. h5 Nf5 30. Nf3 Qd8 31. Qd3 h6 32. Kh3 Ra1 33. Rb1 Rxb1 34. Qxb1 Qa8 35. g4 Qa3 36. Kg2 Ne7 37. f5 Qc3 38. Kg3 Kh8 39. fxe6 fxe6 40. Qa2 Kg8 41. Qd2 Qxd2 42. Nxd2 d4 43. Kf4 Nd5+ 44. Ke4 Nxb4 45. Kxd4 Kf7 46. Nb3 Nd5 47. Ke4 Ke7 48. f4 Nc3+ 49. Kf3 Kf7 50. f5 Nd5 51. Nd4 exf5 52. gxf5 Nb4 53. Ke4 Ke7 54. Ne6 Kf7 55. Kd4 Kg8 56. Nc7 Kf7 57. Kc3 Na2+ 58. Kd2 Nb4 59. Ne6 Kg8 60. Nf4 Na6 61. Nd3 Kf7 62. Kc3 Ke7 63. Kd4 Kf7 64. e6+ Kf6 65. Ke4 b4 66. Kd4 b3 67. Kc3 Kxf5 68. e7 Nc7 69. Nb4 Ke6 70.
Nxc6 Kd7 71. Nd4 Kxe7 72. Kxb3 Kf6 73. Kc4 g6 74. hxg6 Kxg6 75. Nb5 Na6 76. c6 h5 77. Nc3 Nc7 78. Nd5 Ne8 79. Nf4+ Kg5 80.
Nxh5 1/2-1/2

[Event "71st RUS-ch Superfinal Women 2021"]
[Site "Ufa"]
[Date "2021.10.14"]
[Round "6.4"]
[White "Shuvalova, Polina"]
[Black "Bivol, Alina"]
[Result "1-0"]
[ECO "C10"]
[WhiteElo "2509"]
[BlackElo "2392"]
[Annotator "ChessBase"]
[PlyCount "95"]
[EventDate "2021.10.09"]
[EventType "tourn"]
[EventCountry "RUS"]
[SourceTitle "playchess.com"]
[Source "ChessBase"]
[SourceQuality "1"]
[TimeControl "40/5400+30:1800+30"]

1. e4 e6 2. d4 d5 3. Nc3 dxe4 4. Nxe4 Nd7 5. Nf3 Ngf6 6. Nxf6+ Nxf6 7. Be3 Bd6 8. Bd3 O-O 9. Qe2 b6 10. O-O-O Bb7 11. Bg5 Be7 12. Rhe1 c5 13. dxc5 Qc8 14. Ne5 Qxc5 15. Kb1 Rad8 16. a3 a6 17. Bd2 b5 18. f4 Qb6 19. g4 Nd7 20. Nxd7 Rxd7 21. Ba5 Qxa5 22. Bxh7+ Kxh7 23. Rxd7 Bh4 24. Red1 Bc6 25. R7d6 Bd5 26. g5 Kg8 27. Qh5 Rc8 28. Rd7 g6 29. Qxh4 b4 30. R7xd5 exd5 31. axb4 Qxb4 32. Rxd5 a5 33. Rd3 Qc5 34. Rd2 Rb8 35. Qg3 a4 36. Qd3 a3 37. b3 a2+ 38.
Kxa2 Ra8+ 39. Kb1 Qg1+ 40. Rd1 Qxh2 41. Qe4 Rc8 42. Rd4 Qf2 43. Rc4 Rd8 44. Kb2 Qa7 45. Qe5 Qg1 46. Qa5 Rd1 47. Rc8+ Kh7 48. Qe5 1-0

[Event "71st RUS-ch Superfinal Women 2021"]
[Site "Ufa"]
[Date "2021.10.14"]
[Round "6.5"]
[White "Girya, Olga"]
[Black "Garifullina, Leya"]
[Result "1/2-1/2"]
[ECO "E41"]
[WhiteElo "2410"]
[BlackElo "2409"]
[Annotator "ChessBase"]
[PlyCount "88"]
[EventDate "2021.10.09"]
[EventType "tourn"]
[EventCountry "RUS"]
[SourceTitle "playchess.com"]
[Source "ChessBase"]
[SourceQuality "1"]
[TimeControl "40/5400+30:1800+30"]

1. d4 Nf6 2. c4 e6 3. Nc3 Bb4 4. e3 c5 5. Bd3 Nc6 6. dxc5 O-O 7. Nf3 Bxc5 8.
O-O d5 9. cxd5 exd5 10. h3 a6 11. b3 d4 12. Na4 Ba7 13. exd4 b5 14. Nc5 Nxd4 15. b4 Ne6 16. Nxe6 Bxe6 17. Bb2 Nd5 18. Qd2 h6 19. Be4 Rc8 20. Rfd1 Nf6 21. Qxd8 Rfxd8 22. Rxd8+ Rxd8 23. Bc2 Rc8 24. Bd1 Rc4 25. Bxf6 gxf6 26. a3 Rc3 27. a4 bxa4 28. Bxa4 Bb6 29. Bd1 Rc4 30. Be2 Rxb4 31. Bxa6 Bd5 32. Rd1 Bxf3 33. gxf3 Rb2 34. Rf1 Kg7 35. Bd3 Rd2 36. Be4 h5 37. Kg2 Rb2 38. Kg3 Kh6 39. Bd5 Kg6 40. f4 f5 41. Bf3 h4+ 42.
Kg2 Bc7 43. Re1 Bxf4 44. Re2 Rxe2 1/2-1/2

[Event "71st RUS-ch Superfinal Women 2021"]
[Site "Ufa"]
[Date "2021.10.14"]
[Round "6.6"]
[White "Guseva, Marina"]
[Black "Kashlinskaya, Alina"]
[Result "0-1"]
[ECO "E11"]
[WhiteElo "2394"]
[BlackElo "2493"]
[Annotator "ChessBase"]
[PlyCount "54"]
[EventDate "2021.10.09"]
[EventType "tourn"]
[EventCountry "RUS"]
[SourceTitle "playchess.com"]
[Source "ChessBase"]
[SourceQuality "1"]
[TimeControl "40/5400+30:1800+30"]

1. d4 Nf6 2. c4 e6 3. Nf3 Bb4+ 4. Nbd2 O-O 5. a3 Be7 6. e4 d6 7. Be2 c5 8. d5 e5 9. b4 Nbd7 10. O-O a5 11. bxa5 Rxa5 12. Qc2 Ne8 13.
Nb3 Ra6 14. a4 g6 15. Bh6 Ng7 16. Bd3 Nf6 17. a5 Ng4 18. Bd2 f5 19. exf5 gxf5 20. Ne1 e4 21. Be2 Bf6 22. Ra3 Qe7 23. Qc1 Be5 24. g3 f4 25. gxf4 Nxh2 26. Kxh2 Rxf4 27. Kg1 Qg5+ 0-1

[Event "71st RUS-ch Superfinal Women 2021"]
[Site "Ufa"]
[Date "2021.10.16"]
[Round "7.1"]
[White "Kashlinskaya, Alina"]
[Black "Ovod, Evgenija"]
[Result "1/2-1/2"]
[ECO "D35"]
[WhiteElo "2493"]
[BlackElo "2331"]
[Annotator "ChessBase"]
[PlyCount "107"]
[EventDate "2021.10.09"]
[EventType "tourn"]
[EventCountry "RUS"]
[SourceTitle "playchess.com"]
[Source "ChessBase"]
[SourceQuality "1"]
[TimeControl "40/5400+30:1800+30"]

1. d4 d5 2. c4 e6 3. Nc3 Nf6 4. cxd5 exd5 5. Bg5 Be7 6. e3 Nbd7 7. Bd3 Nf8 8. Qc2 Ne6 9. Bxf6 Bxf6 10. O-O-O g6 11. f4 O-O 12. Nf3 c5 13. f5 cxd4 14. Ne2 Ng7 15. fxg6 Bg4 16. gxh7+ Kh8 17. exd4 Rc8 18. Nc3 Bxf3 19. gxf3 Bxd4 20. Kb1 Qf6 21. Rc1 Bxc3 22. bxc3 Rc6 23. Rhg1 Rfc8 24. Qe2 Rxc3 25. Rxc3 Qxc3 26. Bc2 f5 27. Qg2 a5 28. Bb3 Re8 29. Qf2 d4 30. Qh4 Qd3+ 31. Bc2 Qb5+ 32. Bb3 Qd3+ 33. Bc2 Qe3 34. Rd1 Qxf3 35. Rxd4 b5 36. Qg3 Qxg3 37. hxg3 Re5 38. Rh4 Re1+ 39. Kb2 Rg1 40. Rh3 Rg2 41. Kc1 Rf2 42. Rh6 Rg2 43. Rb6 b4 44. Rb5 Rxg3 45. Rxa5 Ra3 46. Rxa3 bxa3 47. Bd3 Kxh7 48. Kc2 Kg6 49. Kb3 Kf6 50. Kxa3 Ke5 51. Kb4 Kd6 52. Kb5 Kc7 53. a4 Kb7 54. a5 1/2-1/2

[Event "71st RUS-ch Superfinal Women 2021"]
[Site "Ufa"]
[Date "2021.10.16"]
[Round "7.2"]
[White "Garifullina, Leya"]
[Black "Guseva, Marina"]
[Result "1-0"]
[ECO "B12"]
[WhiteElo "2409"]
[BlackElo "2394"]
[Annotator "ChessBase"]
[PlyCount "88"]
[EventDate "2021.10.09"]
[EventType "tourn"]
[EventCountry "RUS"]
[SourceTitle "playchess.com"]
[Source "ChessBase"]
[SourceQuality "1"]
[TimeControl "40/5400+30:1800+30"]

1. e4 c6 2. d4 d5 3. e5 Bf5 4. Nf3 e6 5. Be2 Ne7 6. O-O c5 7. c4 Nbc6 8.
dxc5 d4 9. Bd3 Ng6 10. Bxf5 exf5 11. b4 Nxb4 12. Nbd2 d3 13. Nb3 Be7 14. Bb2 O-O 15. Nfd4 Nxe5 16. Nxf5 Bf6 17. Nd6 b6 18. Ne4 Nf3+ 19. Qxf3 Bxb2 20. Rad1 f5 21. Nd6 Qd7 22. Rb1 Be5 23. a3 bxc5 24. Nb7 Na6 25. Rfd1 Rab8 26. N3a5 Qc7 27. Qc6 Bxh2+ 28. Kf1 Rf6 29. Qd5+ Kh8 30. Rxd3 Be5 31. Rf3 Rd6 32. Qxe5 Rd1+ 33. Rxd1 Qxe5 34. Nc6 Qe4 35. Nxb8 h6 36. Nxa6 Qxc4+ 37. Kg1 Qxa6 38. Nxc5 Qe2 39. Rd8+ Kh7 40. Rxf5 Qc2 41. Nd3 Qd1+ 42. Kh2 Qa4 43. Nf4 Qc2 44. Rff8 Qb2 1-0

[Event "71st RUS-ch Superfinal Women 2021"]
[Site "Ufa"]
[Date "2021.10.16"]
[Round "7.3"]
[White "Bivol, Alina"]
[Black "Girya, Olga"]
[Result "0-1"]
[ECO "C81"]
[WhiteElo "2392"]
[BlackElo "2410"]
[Annotator "ChessBase"]
[PlyCount "78"]
[EventDate "2021.10.09"]
[EventType "tourn"]
[EventCountry "RUS"]
[SourceTitle "playchess.com"]
[Source "ChessBase"]
[SourceQuality "1"]
[TimeControl "40/5400+30:1800+30"]

1. e4 e5 2. Nf3 Nc6 3. Bb5 a6 4. Ba4 Nf6 5. O-O Nxe4 6. d4 b5 7. Bb3 d5 8. dxe5 Be6 9. Qe2 Nc5 10. Rd1 Nxb3 11. cxb3 Be7 12. Nc3 O-O 13. Be3 Qd7 14. Rd2 Rad8 15. Rad1 Qc8 16. a3 d4 17. Nxd4 Nxd4 18. Rxd4 Bxb3 19. Rxd8 Rxd8 20. Rd2 c5 21. Ne4 Rxd2 22. Bxd2 Qf5 23. Qe3 Bd5 24. Nc3 Bc6 25. Ne2 Qc2 26. h4 Qxb2 27. Ng3 Qa2 28. Nh5 Qb1+ 29. Bc1 Qe4 30. Qg3 Qg6 31. Nf4 Qxg3 32. fxg3 c4 33. Kf2 Bc5+ 34. Ke2 a5 35. g4 b4 36. axb4 axb4 37. Kd2 Bd4 38.
e6 fxe6 39. Nxe6 Bc3+ 0-1

[Event "71st RUS-ch Superfinal Women 2021"]
[Site "Ufa"]
[Date "2021.10.16"]
[Round "7.4"]
[White "Pogonina, Natalija"]
[Black "Shuvalova, Polina"]
[Result "1/2-1/2"]
[ECO "A09"]
[WhiteElo "2467"]
[BlackElo "2509"]
[Annotator "ChessBase"]
[PlyCount "72"]
[EventDate "2021.10.09"]
[EventType "tourn"]
[EventCountry "RUS"]
[SourceTitle "playchess.com"]
[Source "ChessBase"]
[SourceQuality "1"]
[TimeControl "40/5400+30:1800+30"]

1. Nf3 d5 2. c4 d4 3. g3 c5 4. b4 cxb4 5. a3 bxa3 6. Bxa3 Nc6 7. Bg2 Nf6 8.
O-O e5 9. Bxf8 Kxf8 10. d3 g6 11. Qb3 Kg7 12. Na3 Qe7 13.
Rfb1 Rd8 14. Nd2 a5 15. Nc2 Ra6 16. Qa3 Qxa3 17. Rxa3 a4 18.
Nb4 Nxb4 19. Rxb4 Bd7 20. Rxb7 Raa8 21. Nf3 e4 22. Ne5 Be8 23. Bxe4 Nxe4 24. dxe4 Rdb8 25. Rxb8 Rxb8 26. Nd3 Rb1+ 27. Kg2 g5 28. h3 Bc6 29. f3 h5 30. Kf2 Rh1 31. Nc5 Rh2+ 32. Kf1 Rh1+ 33. Kf2 Rh2+ 34. Kf1 Rh1+ 35. Kf2 Rh2+ 36. Kf1 Rh1+ 1/2-1/2

[Event "71st RUS-ch Superfinal Women 2021"]
[Site "Ufa"]
[Date "2021.10.16"]
[Round "7.5"]
[White "Voit, Daria"]
[Black "Gunina, Valentina"]
[Result "0-1"]
[ECO "D10"]
[WhiteElo "2357"]
[BlackElo "2462"]
[Annotator "ChessBase"]
[PlyCount "64"]
[EventDate "2021.10.09"]
[EventType "tourn"]
[EventCountry "RUS"]
[SourceTitle "playchess.com"]
[Source "ChessBase"]
[SourceQuality "1"]
[TimeControl "40/5400+30:1800+30"]

1. d4 d5 2. c4 c6 3. Nc3 Nf6 4. e3 Bf5 5. Nf3 e6 6. Nh4 Bg6 7. Nxg6 hxg6 8.
Be2 Nbd7 9. h3 Bd6 10. Bd2 Qe7 11. a3 dxc4 12. Bxc4 e5 13. d5 e4 14. dxc6 bxc6 15. Ne2 Ne5 16. Qa4 Nfd7 17. Qc2 Nc5 18. Nc1 Qg5 19. Bf1 O-O 20. Bc3 Rfd8 21. Bxe5 Qxe5 22. Bc4 Bc7 23. Rb1 Rd7 24. b4 Rad8 25. Nb3 Nxb3 26. Bxb3 a5 27. g3 a4 28. Bxa4 Qf5 29. O-O Rd2 30. Qxc6 Bxg3 31. Kg2 Rxf2+ 32. Kxg3 Qg5+ 0-1

[Event "71st RUS-ch Superfinal Women 2021"]
[Site "Ufa"]
[Date "2021.10.16"]
[Round "7.6"]
[White "Galliamova, Alisa"]
[Black "Bodnaruk, Anastasia"]
[Result "0-1"]
[ECO "E62"]
[WhiteElo "2421"]
[BlackElo "2415"]
[Annotator "ChessBase"]
[PlyCount "106"]
[EventDate "2021.10.09"]
[EventType "tourn"]
[EventCountry "RUS"]
[SourceTitle "playchess.com"]
[Source "ChessBase"]
[SourceQuality "1"]
[TimeControl "40/5400+30:1800+30"]

1. d4 Nf6 2. Nf3 g6 3. g3 Bg7 4. Bg2 O-O 5. O-O d6 6. c4 Nc6 7. Nc3 e5 8. dxe5 dxe5 9. Bg5 Be6 10. Nd2 Qc8 11. Nd5 Nd7 12. b4 h6 13.
Be3 Re8 14. Rc1 f5 15. b5 Nd8 16. c5 e4 17. Nc4 Nf7 18. a4 Bxd5 19. Qxd5 Nf6 20. Qd2 Rd8 21. Qa5 Nd5 22. Rfd1 Bc3 23. Rxc3 b6 24. cxb6 cxb6 25. Nxb6 Qxc3 26. Qxc3 Nxc3 27. Rxd8+ Rxd8 28. Nc4 Rd7 29. f3 Nxe2+ 30. Kf1 Nc3 31. fxe4 fxe4 32. b6 axb6 33. Nxb6 Rd1+ 34. Kf2 Ne5 35. Bh3 Kf7 36. a5 Nd3+ 37. Kg2 Ne1+ 38. Kf2 Nd3+ 39. Kg2 Ra1 40. Nc4 Ra2+ 41. Kf1 Ra4 42. Nd6+ Ke7 43. Nc8+ Kf7 44. Nd6+ Kf6 45. Bb6 Nd5 46. Bg4 Ra1+ 47. Kg2 Ra2+ 48. Kf1 e3 49. Nc4 Nxb6 50. axb6 Rf2+ 51. Kg1 e2 52. Bxe2 Rxe2 53. b7 Re1+ 0-1

[Event "71st RUS-ch Superfinal Women 2021"]
[Site "Ufa"]
[Date "2021.10.17"]
[Round "8.1"]
[White "Ovod, Evgenija"]
[Black "Bodnaruk, Anastasia"]
[Result "1-0"]
[ECO "B54"]
[WhiteElo "2331"]
[BlackElo "2415"]
[Annotator "ChessBase"]
[PlyCount "81"]
[EventDate "2021.10.09"]
[EventType "tourn"]
[EventCountry "RUS"]
[SourceTitle "playchess.com"]
[Source "ChessBase"]
[SourceQuality "1"]
[TimeControl "40/5400+30:1800+30"]

1. e4 c5 2. Nf3 d6 3. d4 cxd4 4. Nxd4 Nf6 5. f3 e5 6. Nb3 a5 7. a4 Be7 8. Bb5+ Nc6 9. c4 O-O 10. Be3 Be6 11. Nc3 Nd7 12. O-O Nc5 13.
Nd5 Bg5 14. Bf2 Bxd5 15. exd5 Nxb3 16. Qxb3 Nb4 17. Rad1 Rc8 18. Rfe1 b6 19. Re2 f5 20. Be1 Rf6 21. Bxb4 axb4 22. Qxb4 Rg6 23. Qc3 Bf4 24. g3 Qh4 25. Rg2 Qh3 26. Re1 h5 27. Ree2 Bg5 28. Qc2 Rf8 29. Bd7 Bd8 30. b4 h4 31. g4 e4 32. fxe4 f4 33.
Bf5 f3 34. Re3 Bg5 35. Rd3 Rgf6 36. Rf2 Rxf5 37. gxf5 Qg4+ 38. Kf1 Re8 39. Rdxf3 Rxe4 40. h3 Rxc4 41. hxg4 1-0

[Event "71st RUS-ch Superfinal Women 2021"]
[Site "Ufa"]
[Date "2021.10.17"]
[Round "8.5"]
[White "Guseva, Marina"]
[Black "Bivol, Alina"]
[Result "1/2-1/2"]
[ECO "A40"]
[WhiteElo "2394"]
[BlackElo "2392"]
[Annotator "ChessBase"]
[PlyCount "68"]
[EventDate "2021.10.09"]
[EventType "tourn"]
[EventCountry "RUS"]
[SourceTitle "playchess.com"]
[Source "ChessBase"]
[SourceQuality "1"]
[TimeControl "40/5400+30:1800+30"]

1. d4 e6 2. c4 b6 3. e4 Bb4+ 4. Bd2 Bxd2+ 5. Nxd2 Ne7 6. Bd3 O-O 7. Ne2 d6 8. O-O e5 9. d5 a5 10. Bc2 f5 11. exf5 Nxf5 12. a3 Qe7 13.
Ne4 Nd7 14. Qd3 g6 15. Rae1 Ba6 16. Ba4 Nc5 17. Nxc5 bxc5 18. b3 Bc8 19. f4 e4 20. Qc3 h5 21. Ng3 Nxg3 22. Qxg3 Bf5 23. Qc3 Qg7 24. Qxg7+ Kxg7 25. Re3 Rf7 26. h4 Rb8 27. Bb5 Kf6 28. a4 Re7 29. Rfe1 Rd8 30. Kf2 Rb8 31. Kg3 Rd8 32. Kf2 Rb8 33. Kg3 Rd8 34. Kf2 Rb8 1/2-1/2

[Event "71st RUS-ch Superfinal Women 2021"]
[Site "Ufa"]
[Date "2021.10.20"]
[Round "11.1"]
[White "Bivol, Alina"]
[Black "Ovod, Evgenija"]
[Result "1/2-1/2"]
[ECO "C36"]
[WhiteElo "2392"]
[BlackElo "2331"]
[Annotator "ChessBase"]
[PlyCount "76"]
[EventDate "2021.10.09"]
[EventType "tourn"]
[EventCountry "RUS"]
[SourceTitle "playchess.com"]
[Source "ChessBase"]
[SourceQuality "1"]
[TimeControl "40/5400+30:1800+30"]

1. e4 e5 2. f4 exf4 3. Nf3 d5 4. exd5 Nf6 5. Bb5+ c6 6.
dxc6 Nxc6 7. Nc3 Bd6 8. Qe2+ Be6 9. Nd4 O-O 10. Nxe6 fxe6 11. Bxc6 bxc6 12. b3 Kh8 13. Bb2 Qe7 14. O-O-O Ba3 15. Rhe1 Rae8 16. Qc4 Ng4 17. Re2 Nxh2 18. Rh1 f3 19. gxf3 Nxf3 20. Qa4 Bxb2+ 21. Kxb2 h6 22. Qe4 e5 23. Rg2 Rf6 24. Rh3 Qf7 25. Qe3 Rf8 26. Rgg3 Rf4 27. Ne2 Rf5 28. Rg4 Rh5 29. Rxh5 Qxh5 30. Ra4 Qg6 31. Rxa7 h5 32. Qc5 Rf6 33. Ra8+ Kh7 34. Qc4 h4 35. Qg8+ Kh6 36. Qc4 Kh7 37. Qg8+ Kh6 38. Qc4 Kh7 1/2-1/2

[Event "71st RUS-ch Superfinal Women 2021"]
[Site "Ufa"]
[Date "2021.10.20"]
[Round "11.2"]
[White "Pogonina, Natalija"]
[Black "Garifullina, Leya"]
[Result "1/2-1/2"]
[ECO "A06"]
[WhiteElo "2467"]
[BlackElo "2409"]
[Annotator "ChessBase"]
[PlyCount "89"]
[EventDate "2021.10.09"]
[EventType "tourn"]
[EventCountry "RUS"]
[SourceTitle "playchess.com"]
[Source "ChessBase"]
[SourceQuality "1"]
[TimeControl "40/5400+30:1800+30"]

1. Nf3 d5 2. g3 Nf6 3. Bg2 e6 4. c4 Be7 5. d4 O-O 6. Nc3 dxc4 7. Ne5 Nc6 8. Bxc6 bxc6 9. Nxc6 Qe8 10. Nxe7+ Qxe7 11. Qa4 Bb7 12. O-O Bd5 13. Bg5 Qd7 14. Qxd7 Nxd7 15. e4 Bb7 16. Rad1 Nb6 17. Rfe1 Rac8 18. a4 a5 19. Be7 Rfe8 20. Bc5 Nd7 21. Ba3 Nb6 22. Bc5 Nd7 23. Ba7 Ra8 24. Nb5 Rec8 25. d5 Ne5 26. Re3 c6 27. Nd6 Rc7 28. Nxb7 Rxb7 29. Bd4 Nd3 30. dxc6 Rb3 31. Bc3 Rb6 32. c7 Rc6 33. Bxa5 Rxa5 34. Rexd3 cxd3 35. Rxd3 g5 36. Rd8+ Kg7 37. c8=Q Rxc8 38. Rxc8 Rxa4 39. f3 Rb4 40. Rc2 Kf6 41. Kg2 Ke5 42. Kh3 h5 43. Rc5+ Kf6 44. Rc2 Ke5 45. Rc5+ 1/2-1/2

[Event "71st RUS-ch Superfinal Women 2021"]
[Site "Ufa"]
[Date "2021.10.20"]
[Round "11.3"]
[White "Voit, Daria"]
[Black "Kashlinskaya, Alina"]
[Result "1/2-1/2"]
[ECO "A06"]
[WhiteElo "2357"]
[BlackElo "2493"]
[Annotator "ChessBase"]
[PlyCount "106"]
[EventDate "2021.10.09"]
[EventType "tourn"]
[EventCountry "RUS"]
[SourceTitle "playchess.com"]
[Source "ChessBase"]
[SourceQuality "1"]
[TimeControl "40/5400+30:1800+30"]

1. Nf3 d5 2. g3 c6 3. Bg2 Bg4 4. d3 Nd7 5. O-O Ngf6 6. Nbd2 e5 7. h3 Bh5 8. e4 dxe4 9. dxe4 Bc5 10. Qe2 O-O 11. Nb3 Bb6 12. Be3 Re8 13.
Rad1 Qc7 14. Rfe1 Bxe3 15. Qxe3 c5 16. Nbd2 c4 17. Nb1 Nc5 18. Nc3 Bxf3 19. Bxf3 Rad8 20. Be2 Ne6 21. Rxd8 Rxd8 22. Qxa7 Nd4 23. Qa4 Qc5 24. Bd1 h5 25. a3 h4 26. g4 Ne6 27. Re3 Nf4 28. Be2 Rc8 29. Qb5 Qc7 30. Bf1 Ne6 31. Nd5 Nxd5 32. exd5 Nd4 33. d6 Qxd6 34. Qxb7 Rb8 35. Qe4 Rxb2 36. c3 Qf6
37. f3 Nc2 38. Re2 Qb6+ 39. Kh1 Qb3 40. Qa8+ Kh7 41. Rxe5 Qb7 42. Qxb7 Rxb7 43. Bxc4 Nxa3 44. Bd3+ g6 45. c4 Rb3 46. Rd5 Rc3 47. c5 Nc2 48. Be4 Ne3 49. Rd7 Rxc5 50. Rxf7+ Kg8 51. Bxg6 Rc1+ 52. Kh2 Rf1 53. g5 Rf2+ 1/2-1/2

[Event "71st RUS-ch Superfinal Women 2021"]
[Site "Ufa"]
[Date "2021.10.20"]
[Round "11.4"]
[White "Galliamova, Alisa"]
[Black "Guseva, Marina"]
[Result "1/2-1/2"]
[ECO "E15"]
[WhiteElo "2421"]
[BlackElo "2394"]
[Annotator "ChessBase"]
[PlyCount "65"]
[EventDate "2021.10.09"]
[EventType "tourn"]
[EventCountry "RUS"]
[SourceTitle "playchess.com"]
[Source "ChessBase"]
[SourceQuality "1"]
[TimeControl "40/5400+30:1800+30"]

1. d4 Nf6 2. c4 e6 3. Nf3 b6 4. g3 Ba6 5. b3 Bb4+ 6. Bd2 Be7 7. Nc3 O-O 8.
Bg2 c6 9. O-O d5 10. Bf4 Nbd7 11. Qd3 Rc8 12. Rac1 dxc4 13. bxc4 Nd5 14. Bd2 Nb4 15. Qb1 Bxc4 16. Nd1 Bxe2 17. Bxb4 Bxb4 18. Qxb4 Bxf1 19. Bxf1 c5 20. Qa4 cxd4 21. Rxc8 Qxc8 22. Nxd4 Nc5 23. Qc4 Rd8 24. Nc3 Qd7 25. Nf3 a6 26. a4 Qc6 27. Be2 Rc8 28. Kg2 h6 29. h4 Qb7 30.
Qb4 Qc6 31. Qc4 Qb7 32. Qb4 Qc6 33. Qc4 1/2-1/2

[Event "71st RUS-ch Superfinal Women 2021"]
[Site "Ufa"]
[Date "2021.10.20"]
[Round "11.5"]
[White "Bodnaruk, Anastasia"]
[Black "Girya, Olga"]
[Result "1/2-1/2"]
[ECO "C50"]
[WhiteElo "2415"]
[BlackElo "2410"]
[Annotator "ChessBase"]
[PlyCount "141"]
[EventDate "2021.10.09"]
[EventType "tourn"]
[EventCountry "RUS"]
[SourceTitle "playchess.com"]
[Source "ChessBase"]
[SourceQuality "1"]
[TimeControl "40/5400+30:1800+30"]

1. e4 e5 2. Nf3 Nc6 3. Bc4 Bc5 4. d3 Nf6 5. Bg5 h6 6. Bh4 d6 7. c3 a6 8. a4 Ba7 9. Nbd2 Qe7 10. O-O g5 11. Bg3 Nd7 12. b4 Nf8 13.
d4 Ng6 14. b5 Na5 15. h3 h5 16. Re1 g4 17. hxg4 hxg4 18. Nh2 exd4 19. cxd4 Bxd4 20. bxa6 Be5 21. axb7 Bxb7 22. Bb5+ c6 23. Be2 Bxg3 24. fxg3 Qe5 25. Ndf1 Qc5+ 26. Kh1 Ne5 27. Rc1 Qa3 28. Bxg4 Nac4 29. Rb1 Bc8 30. Bxc8 Rxc8 31. Qd4 Qxa4 32. Kg1 Qa5 33. Rec1 Qc5 34. Qxc5 dxc5 35. Nf3 Ke7 36. Rb7+ Kf6 37. Nxe5 Nxe5 38. Ne3 Rb8 39. Rc7 Rb4 40. Rf1+ Kg6 41. Nf5 Rxe4 42. Ne7+ Kg5 43. Nxc6 Re8 44. Nxe5 R4xe5 45. Rcxf7 Re1 46. R7f5+ Kg4 47. Rxc5 Rxf1+ 48.
Kxf1 Kxg3 49. Rg5+ Kf4 50. Rg7 Ra8 51. Kg1 Rb8 52. Rh7 Kg3 53.
Rh3+ Kg4 54. Kh2 Rc8 55. Rh7 Rc2 56. Rg7+ Kh4 57. Rd7 Ra2 58. Rd4+ Kg5 59. Kh3 Ra3+ 60. g3 Rb3 61. Rd5+ Kg6 62. Kh4 Rb4+ 63. g4 Rb6 64. Rd8 Ra6 65. Rg8+ Kh7 66. Rg5 Kh6 67. Rd5 Kg6 68. Rd4 Rb6 69. g5 Ra6 70. Kg4 Rb6 71. Rf4 1/2-1/2

[Event "71st RUS-ch Superfinal Women 2021"]
[Site "Ufa"]
[Date "2021.10.20"]
[Round "11.6"]
[White "Gunina, Valentina"]
[Black "Shuvalova, Polina"]
[Result "1/2-1/2"]
[ECO "A58"]
[WhiteElo "2462"]
[BlackElo "2509"]
[Annotator "ChessBase"]
[PlyCount "74"]
[EventDate "2021.10.09"]
[EventType "tourn"]
[EventCountry "RUS"]
[SourceTitle "playchess.com"]
[Source "ChessBase"]
[SourceQuality "1"]
[TimeControl "40/5400+30:1800+30"]

1. d4 Nf6 2. c4 c5 3. d5 b5 4. cxb5 a6 5. bxa6 g6 6. Nc3 Bg7 7. e4 O-O 8. Nf3 Qa5 9. Bd3 Nxd5 10. exd5 Bxc3+ 11. bxc3 Qxc3+ 12. Qd2 Qxa1 13. O-O Qg7 14. Re1 f6 15. h4 d6 16. h5 Nd7 17. hxg6 hxg6 18. Qc2 Ne5 19. Nxe5 fxe5 20. Bxg6 Rf6 21. Be4 Kf7 22. Re3 Rf4 23. Rb3 Rg4 24. Qe2 Rxa6 25. Rb8 Ra4 26. f3 Rgxe4 27. fxe4 Bg4 28. Qf1+ Kg6 29. Qe1 Kf7 30. Qh4 Rxe4 31. Rb7 Ke8 32. Bg5 Bf3 33. Qh3 Bg4 34. Qh4 Bf3 35. Qh3 Bg4 36. Qh4 Bf3 37. Qh3 Rf4 1/2-1/2